 Dungeon Crawl Stone Soup version 0.31-a0-257-gf185e81a89 (webtiles) character file.

Game seed: 4165981240728577325

164 qw the Shooter (level 5, -2/30 HPs)
             Began as a Gargoyle Hexslinger on July 12, 2023.
             Slain by a gnoll bouda
             ... wielding a +0 whip
              (7 damage)
             ... on level 4 of the Dungeon.
             The game lasted 00:01:10 (2588 turns).

qw the Shooter (Gargoyle Hexslinger)                Turns: 2588, Time: 00:01:11

Health: -2/30      AC: 10    Str: 12    XL:     5   Next: 45%
Magic:  6/6        EV: 10    Int: 13    God:
Gold:   186        SH:  0    Dex: 14    Spells: 5/6 levels left

rFire   . . .        Y - +2 sling
rCold   . . .        (no shield)
rNeg    + . .        i - +0 ring mail
rPois   inf          (no helmet)
rElec   +            (no cloak)
rCorr   .            g - +0 pair of gloves
SInv    .            (no boots)
Will    .....        (no amulet)
Stlth   +            (no ring)
HPRegen 0.25/turn    (no ring)
MPRegen 0.10/turn

%: no passive effects
@: no status effects
A: sickness immunity, AC +4, negative energy resistance 1, electricity
resistance, torment resistance 1, petrification resistance
a: no special abilities


You were on level 4 of the Dungeon.
You visited 1 branch of the dungeon, and saw 4 of its levels.

You collected 186 gold pieces.


Innate Abilities, Weirdness & Mutations

You are immune to sickness and miasma.
Your stone body is resilient. (AC +4)
You are immune to poison.
You resist negative energy. (rN+)
You are resistant to electric shocks. (rElec)
You are resistant to unholy torment.
You are immune to petrification.


   Skills:
 + Level 2.2 Fighting
 - Level 5.0 Ranged Weapons
 - Level 1.0 Armour
 - Level 1.5 Dodging
 - Level 1.0 Spellcasting
 - Level 2.6 Hexes


You had 5 spell levels left.
You knew the following spells:

 Your Spells              Type           Power      Damage    Failure   Level
a - Slow                  Hex            28%        N/A       22%         1

Your spell library contained the following spells:

 Spells                   Type           Power      Damage    Failure   Level
 Inner Flame              Hex/Fire       4%         N/A       73%         3
 Portal Projectile        Hex/Tloc       8%         N/A       73%         3
 Cause Fear               Hex            3%         N/A       91%         4

Inventory:

Hand Weapons
 Y - a +2 sling (weapon)
Armour
 g - a +0 pair of gloves (worn)
 i - a +0 ring mail (worn)
Scrolls
 b - a scroll of identify
Potions
 a - a potion of haste
 c - a potion of enlightenment
 d - a potion of curing
 e - a potion of attraction {unknown}
 f - a potion of lignification {unknown}
 k - a potion of might
 l - a potion of resistance {unknown}

Dungeon Overview and Level Annotations

Branches:
Dungeon (4/15)
 Temple: D:4-7

Altars:


Message History

The adder bites you but does no damage. The gnoll closely misses you.
You struggle against the net.
You feel a little less mighty now. The adder bites you but does no damage.
The gnoll barely misses you.
You rip the net and break free!
The adder bites you but does no damage.
The gnoll bouda hits you with a +0 whip.
The gnoll hits you with a +0 whip. The adder barely misses you.
The gnoll hits you from afar with a +0 halberd.
You shoot a sling bullet. The sling bullet hits the gnoll bouda.
The gnoll bouda is moderately wounded.
The gnoll barely misses you. The adder barely misses you.
The gnoll completely misses you.
The gnoll bouda barks out a call to the hunt!
The gnoll picks up the pace!
The gnoll hits you with a +0 whip.
You shoot a sling bullet.
The sling bullet hits the gnoll bouda but does no damage.
The gnoll bouda is moderately wounded.
The gnoll is no longer moving quickly. x2; The adder barely misses you.
The gnoll misses you. The gnoll hits you but does no damage.
The gnoll bouda hits you with a +0 whip.
The adder bites you but does no damage. The gnoll hits you but does no damage.
You shoot a sling bullet. The sling bullet hits the gnoll bouda.
The gnoll bouda is heavily wounded.
The adder bites you but does no damage.
The gnoll hits you from afar with a +0 halberd.
The gnoll bouda hits you with a +0 whip.
The gnoll barely misses you. The adder barely misses you.
You shoot a sling bullet.
The sling bullet barely misses the gnoll bouda.
The sling bullet hits the gnoll!
The gnoll is heavily wounded.
The gnoll hits you with a +0 club. The gnoll misses you.
The gnoll bouda barks out a call to the hunt!
The gnolls pick up the pace!
The gnoll hits you with a +0 whip. The adder barely misses you.
The gnoll barely misses you. x2
The gnoll bouda hits you with a +0 whip!
You die...

...........#.##.##
.............#...
........ #.....#
#?.....##.....#
####...##....<..#..#
.....................
.....gJ.%..##..###...
##..ggg.###...# .
#.#S@...###....
##.g.#### #.##..
##.## .# . #.# .. #.#
.. #.# #.# ... .}.


You could see a gnoll bouda, a jelly, 4 gnolls and an adder.

Vanquished Creatures
  A hound (D:3)
  5 adders
  A worm (D:3)
  3 dart slugs
  An orc (D:3)
  4 ball pythons
  7 bats
  12 endoplasms
  6 giant cockroaches
  7 goblins
  5 hobgoblins
  3 jackals (D:1)
  2 quokkas
  2 frilled lizards
  8 kobolds
  8 rats
75 creatures vanquished.

Notes
Turn   | Place    | Note
-------+----------+-------------------------------------------
     0 | D:1      | qw the Gargoyle Hexslinger began the quest for the Orb.
     0 | D:1      | Reached XP level 1. HP: 12/12 MP: 2/2
     0 | D:1      | 0 ||| qw: Version: 0.3-a-52-g30416fa
     0 | D:1      | 0 ||| qw: Game counter: 6806
     0 | D:1      | 0 ||| qw: Melee chars always use a shield: true
     0 | D:1      | 0 ||| qw: God list: Okawaru
     0 | D:1      | 0 ||| qw: Allow faded altars: false
     0 | D:1      | 0 ||| qw: Do Orc after clearing Dungeon:15 true
     0 | D:1      | 0 ||| qw: Do second Lair branch before Depths: true
     0 | D:1      | 0 ||| qw: Lair rune preference: random
     0 | D:1      | 0 ||| qw: Goals: Normal
     0 | D:1      | 0 ||| PLANNING D:1-11
    34 | D:1      | Found a faded altar of an unknown god.
    88 | D:1      | Reached XP level 2. HP: 16/16 MP: 3/3
   118 | D:1      | Reached skill level 3 in Ranged Weapons
   282 | D:1      | 282 ||| UPGRADING to +0 leather armour.
   284 | D:1      | 284 ||| UPGRADING to +0 leather armour.
   286 | D:1      | 286 ||| UPGRADING to +0 leather armour.
   288 | D:1      | 288 ||| UPGRADING to +0 leather armour.
   303 | D:1      | Reached XP level 3. HP: 20/21 MP: 4/4
   304 | D:1      | 304 ||| UPGRADING to +0 robe.
   309 | D:1      | 309 ||| UPGRADING to +0 leather armour.
   319 | D:1      | 319 ||| DROPPING +0 robe.
   882 | D:1      | 882 ||| READING scroll labelled LIBRUI YLINEVUBIF.
   883 | D:1      | 883 ||| DROPPING scroll of poison.
   996 | D:2      | Reached XP level 4. HP: 26/26 MP: 5/5
  1008 | D:2      | Reached skill level 4 in Ranged Weapons
  1408 | D:2      | 1408 ||| READING 2 scrolls labelled TEGHAU SUACORI.
  1484 | D:3      | Reached XP level 5. HP: 10/30 MP: 6/6
  1745 | D:3      | Reached skill level 5 in Ranged Weapons
  1855 | D:3      | 1855 ||| UPGRADING to +0 pair of gloves.
  1862 | D:3      | 1862 ||| UPGRADING to +0 ring mail.
  1872 | D:3      | 1872 ||| DROPPING +0 leather armour.
  2189 | D:3      | Reached skill level 1 in Armour
  2509 | D:3      | 2509 ||| READING 2 scrolls labelled COROAL TALAEG.
  2510 | D:3      | 2510 ||| READING scroll labelled BETTIF PEPSO.
  2511 | D:3      | 2511 ||| READING scroll labelled QUKKYEKHI.
  2512 | D:3      | 2512 ||| DRINKING 2 bubbling brown potions.
  2513 | D:3      | 2513 ||| DRINKING 2 puce potions.
  2514 | D:3      | 2514 ||| READING 4 scrolls of identify.
  2514 | D:3      | 2514 ||| IDENTIFYING pink potion
  2515 | D:3      | 2515 ||| READING 3 scrolls of identify.
  2515 | D:3      | 2515 ||| IDENTIFYING inky potion
  2516 | D:3      | 2516 ||| READING 2 scrolls of identify.
  2516 | D:3      | 2516 ||| IDENTIFYING fuming silvery potion
  2517 | D:3      | 2517 ||| DROPPING scroll of blinking.
  2518 | D:3      | 2518 ||| DROPPING potion of brilliance.
  2575 | D:4      | 2575 ||| Stepping ~*~*~tactically~*~*~ (outnumbered).
  2588 | D:4      | HP: 6/30 [gnoll/+0 club[a gnoll bouda] (3)]
  2588 | D:4      | Slain by a gnoll bouda

Levels and vault maps discovered:
D:1:      heliophobic_arrival_henge, layout_basic, ebering_ecumenical_altar_box,
          minmay_misc_feat_rugged, chequers_serial_rivers_micro_a, st_stairs_5,
          hangedman_glass_teeth, grunt_decor_cap, minivault_27,
          chequers_decorated_corner
D:2:      layout_rooms
D:3:      layout_loops_corners, serial_forest, infiniplex_forest_diagonal,
          infiniplex_forest_clump_tiny, infiniplex_forest_clump_double,
          infiniplex_forest_corner_1, infiniplex_forest_clump_medium,
          minmay_misc_feat_columns, kennysheep_donut
D:4:      layout_cave_pools, grunt_temple_overflow_cloverleaf, uniq_pikel

Skill      XL: |  1  2  3  4  5 |
---------------+----------------+-----
Ranged Weapons | 3 4 5 |  5.0
Fighting       | 2 |  2.2
Armour         | 1 |  1.0
Dodging        | |  1.5
Spellcasting   | |  1.0
Hexes          | |  2.6

Action                     |  1- 3 |  4- 6 || total
---------------------------+-------+-------++-------
   Fire: Sling             |   129 |   155 ||   284
    Use: Scroll            |     1 |     7 ||     8
         Potion            |       |     2 ||     2
 Armour: Robe              |     7 |       ||     7
         Skin              |     3 |       ||     3
         Leather armour    |    15 |    25 ||    40
         Ring mail         |       |    16 ||    16
  Dodge: Dodged            |    50 |    62 ||   112

Table legend:
 A = Non-vault XP
 B = Vault XP
 C = Vault XP percentage of total XP
 D = Non-vault monster count
 E = Vault monster count
 F = Vault count percentage of total count
                 A         B        C        D         E       F
            +---------+---------+-------+---------+---------+-------
      Total |     226 |       9 |   3.8 |      71 |       4 |   5.3
            +---------+---------+-------+---------+---------+-------
        D:1 |      50 |       9 |  15.3 |      26 |       4 |  13.3
        D:2 |      67 |       0 |   0.0 |      21 |       0 |   0.0
        D:3 |     103 |       0 |   0.0 |      21 |       0 |   0.0
        D:4 |       6 |       0 |   0.0 |       3 |       0 |   0.0
            +---------+---------+-------+---------+---------+-------
